 Dungeon Crawl Stone Soup version 0.31-a0-664-g902f515a81 (webtiles) character file.

Game seed: 1868483458955848422

7452 avis the Nimble (level 10, -2/44 HPs)
             Began as a Felid Shapeshifter on Sept 2, 2023.
             Was an Initiate of Gozag.
             Slain by a lindwurm (4 damage)
             ... on level 1 of the Lair of Beasts on Sept 3, 2023.
             The game lasted 01:02:32 (9725 turns).

avis the Nimble (Felid Shapeshifter)                Turns: 9725, Time: 01:02:33

Health: -2/44      AC:  2    Str: 12    XL:     10   Next: 94%
Magic:  11/11      EV: 28    Int: 17    God:    Gozag
Gold:   1066       SH:  0    Dex: 19    Spells: 9/9 levels left
                                        Lives:  0   Deaths: 4

rFire   . .          .
                       - Unarmed
rCold   . . .        (shield unavailable)
rNeg    + . .        (body armour unavailable)
rPois   +            (helmet unavailable)
rElec   .            (cloak unavailable)
rCorr   .            (gloves unavailable)
SInv    +            (boots unavailable)
Will    ++...        j - amulet of regeneration
Stlth   ++           g - +6 ring of intelligence
HPRegen 1.07/turn    k - ring of Maniaddu {rPois rN+ Will+}
MPRegen 0.12/turn

%: no passive effects
@: flux-form, glowing, quick
A: glow, contaminating, very small, claws 1, fangs 3, see invisible, speed 1,
shaggy fur 2, stealthy paws, no weapons or thrown items, no armour, multi-lived
a: Begin Untransformation, Renounce Religion, Potion Petition, Call Merchant,
Bribe Branch


You were on level 1 of the Lair of Beasts.
You worshipped Gozag.
Gozag was most pleased with you.
You were something dangerously unstable.
You visited 3 branches of the dungeon, and saw 11 of its levels.

You collected 1670 gold pieces.
You spent 565 gold pieces at shops.
You paid 39 gold pieces to Gozag.

Inventory:

Jewellery
 g - a +6 ring of intelligence (left paw)
 j - an amulet of regeneration (around neck)
 k - the ring of Maniaddu (right paw) {rPois rN+ Will+}
   (You bought it in a shop on level 5 of the Dungeon)

   [ring of willpower]

   rPois:     It protects you from poison rN+: It protects you from negative
   energy.
   Will+:     It increases your willpower.
 v - an amulet of magic regeneration
Talismans
 b - a beast talisman
 f - a flux talisman (active)
 s - a serpent talisman
 B - a blade talisman
Wands
 i - a wand of roots (1)
Scrolls
 c - a scroll of vulnerability {unknown}
 d - a scroll of amnesia {unknown}
 e - 6 scrolls of teleportation
 h - a scroll of immolation {unknown}
 l - a scroll of silence {unknown}
 m - a scroll of fog {unknown}
 n - 2 scrolls of enchant armour {unknown}
 p - 2 scrolls of revelation {unknown}
 q - 2 scrolls of noise {unknown}
 y - a scroll of blinking {unknown}
 A - 2 scrolls of fear {unknown}
 C - a scroll of poison {unknown}
Potions
 a - a potion of might {unknown}
 o - a potion of brilliance {unknown}
 r - a potion of mutation {unknown}
 t - 2 potions of degeneration {unknown}
 u - 2 potions of ambrosia
 w - 2 potions of heal wounds
 x - 3 potions of enlightenment
 z - a potion of magic {unknown}
 D - a potion of attraction
 E - a potion of curing


   Skills:
 * Level 5.2 Fighting
 + Level 13.9 Dodging
 - Level 10.0 Stealth
 + Level 8.3 Unarmed Combat
 - Level 7.0 Shapeshifting


You had 9 spell levels left.
You didn't know any spells.
Your spell library contained the following spells:

 Spells                   Type           Power      Damage    Failure   Level
 Foxfire                  Conj/Fire      0%         2x1d4     24%         1
 Kiss of Death            Conj/Necr      0%         2d5       24%         1
 Slow                     Hex            0%         N/A       24%         1
 Confusing Touch          Hex            0%         N/A       56%         3
 Gell's Gravitas          Tloc           0%         N/A       56%         3
 Inner Flame              Hex/Fire       0%         N/A       56%         3
 Teleport Other           Tloc           0%         N/A       56%         3
 Tukima's Dance           Hex            0%         N/A       56%         3
 Vampiric Draining        Necr           0%         2d6       56%         3
 Dispel Undead            Necr           0%         3d6       93%         4
 Iskenderun's Mystic Bla  Conj/Tloc      0%         2d3       93%         4
 Summon Forest            Summ/Tloc      0%         N/A       100%        5
 Summon Mana Viper        Hex/Summ       0%         N/A       100%        5
 Yara's Violent Unravell  Hex/Tmut       0%         3d3       100%        5
 Dispersal                Tloc           0%         N/A       100%        6
 Plasma Beam              Fire/Air       0%         2x1d10    100%        6
 Starburst                Conj/Fire      0%         6d3       100%        6
 Summon Cactus Giant      Summ           0%         N/A       100%        6
 Enfeeble                 Hex            0%         N/A       100%        7
 Portal Projectile        Hex/Tloc       Unusable   N/A       N/A         3

Dungeon Overview and Level Annotations

Branches:
Dungeon (9/15)             Temple (1/1) D:7            Lair (1/5) D:9
    Orc: D:9-12

Altars:
Ashenzari
Cheibriados
Dithmenos
Elyvilon
Fedhas
Gozag
Hepliaklqana
Kikubaaqudgha
Makhleb
Nemelex Xobeh
Qazlal
Ru
Sif Muna
Vehumet
Wu Jian
Yredelemnul
Zin
The Shining One

Shops:
D:1 (   D:5 =

Annotations:
D:4 Sigmund
D:6 exclusion: statue
D:9 1 transporter


Innate Abilities, Weirdness & Mutations

You are something dangerously unstable.
You glow with magical radiation, making you easy to see and hit.
Foes you strike become dangerously contaminated with magical radiation.
You have sharp claws.
You have razor-sharp teeth.
You have supernaturally acute eyesight. (SInv)
You cover ground quickly. (Speed+)
You are covered in thick fur. (AC +2)
Your paws help you pounce on unaware monsters.
You are incapable of wielding weapons or throwing items.
You cannot wear armour.
You gain extra lives every three experience levels.


Message History

The wyvern is heavily wounded.
The wyvern misses you.
You scratch the wyvern but do no damage.
The wyvern is heavily wounded.
The wyvern misses you.
You scratch the wyvern.
The wyvern is heavily wounded.
The wyvern completely misses you.
You scratch the wyvern.
The wyvern is almost dead.
The wyvern barely misses you. The wyvern completely misses you.
You scratch the wyvern. You claw the wyvern.
You kill the wyvern!
You barely miss the komodo dragon.
The komodo dragon is severely wounded.
You scratch the komodo dragon but do no damage.
The komodo dragon is severely wounded.
The komodo dragon closely misses you.
You claw the komodo dragon! You bite the komodo dragon.
You kill the komodo dragon!
You now have 1066 gold pieces (gained 32).
You start resting.
HP restored.
The lindwurm roars!
Okay, then.
Okay, then.
Okay, then.
You begin transforming.
You continue transforming. x3
Your transformation has ended.
You turn into something dangerously unstable.
Okay, then.
The lindwurm breathes flames at you. The blast of flame hits you!!!
Ouch! That really hurt!
* * * LOW HITPOINT WARNING * * *
You claw the lindwurm!
The lindwurm begins to glow.
You bite the lindwurm.
The lindwurm is lightly wounded.
The lindwurm bites you.
You die...
Your body crumbles into a pile of gold.

#P.. ..... .....
...... ### #.....
##.# #.....##..#
##....kB.#######
#.......###.#..#
#........#.....###
............#....###
##..........###....#
###.......##
##...#### #####....#
###....# #...##
##.### ###..## ###


You could see a lindwurm (contam, catching breath).

Vanquished Creatures
  Gastronok (D:8)
  2 cane toads (Lair:1)
  2 komodo dragons (Lair:1)
  A troll (D:9)
  2 wyverns
  A vampire (D:9)
  A vampire mosquito (D:7)
  6 water moccasins
  A black bear (D:7)
  An ice beast (D:6)
  An orc warrior (D:9)
  A sky beast (D:8)
  8 wolves
  2 centaurs
  4 kobold brigands
  6 bullfrogs
  3 scorpions
  12 killer bees (D:9)
  3 electric eels (D:9)
  10 howler monkeys
  5 hounds
  A jelly (D:6)
  2 orc priests
  5 gnoll boudas
  Jessica (D:2)
  3 orc wizards
  6 adders
  29 gnolls
  2 white imps
  2 worms (D:2)
  2 dart slugs (D:2)
  28 orcs
  8 ball pythons
  10 endoplasms
  2 giant cockroaches (D:3)
  3 goblins
  9 hobgoblins
  2 quokkas (D:3)
  2 bats
  3 frilled lizards
  22 kobolds
  3 rats
218 creatures vanquished.

Notes
Turn   | Place    | Note
-------+----------+-------------------------------------------
     0 | D:1      | avis the Felid Shapeshifter began the quest for the Orb.
     0 | D:1      | Reached XP level 1. HP: 9/9 MP: 2/2
   104 | D:1      | Reached skill level 3 in Dodging
   169 | D:1      | Reached skill level 1 in Stealth
   181 | D:1      | Reached XP level 2. HP: 12/12 MP: 3/3
   312 | D:1      | Found Cabeh's Weapon Shop.
   642 | D:2      | Reached XP level 3. HP: 3/15 MP: 4/4
   752 | D:2      | Reached skill level 4 in Dodging
   760 | D:2      | Noticed Jessica
   779 | D:2      | Killed Jessica
   780 | D:2      | Reached XP level 4. HP: 19/19 MP: 5/5
  1334 | D:3      | Reached skill level 5 in Dodging
  1517 | D:3      | You fall into a shaft and drop 2 floors!
  1517 | D:5      | Entered Level 5 of the Dungeon
  1549 | D:5      | Noticed a scorpion
  1570 | D:5      | Killed a scorpion
  1571 | D:5      | Reached XP level 5. HP: 22/22 MP: 6/6
  1633 | D:5      | Found an opulent altar of Gozag.
  1641 | D:5      | Became a worshipper of Gozag Ym Sagoz the Greedy
  1730 | D:5      | Reached skill level 6 in Dodging
  2091 | D:3      | Found an ornate altar of the Wu Jian Council.
  2401 | D:4      | HP: 1/22 [gnoll/+0 flail (3)]
  2401 | D:4      | Slain by a gnoll
  2515 | D:4      | Gained mutation: You are covered in thick fur. (AC +2)
                  | [Felid growth]
  2515 | D:4      | Reached XP level 6. HP: 26/26 MP: 7/7
  2720 | D:4      | Reached skill level 7 in Dodging
  3258 | D:4      | Noticed Sigmund
  3377 | D:5      | Reached skill level 5 in Stealth
  3440 | D:5      | Reached skill level 8 in Dodging
  3513 | D:5      | Found a stormy altar of Qazlal.
  3577 | D:5      | Reached XP level 7. HP: 30/30 MP: 8/8
  3645 | D:5      | Found Wippid's One-of-a-Kind Rings.
  4055 | D:6      | Reached skill level 9 in Dodging
  4415 | D:6      | Reached skill level 10 in Dodging
  4983 | D:6      | Found a radiant altar of Vehumet.
  5288 | D:6      | Reached XP level 8. HP: 33/33 MP: 9/9
  5382 | D:7      | Found a sparkling altar of Nemelex Xobeh.
  5474 | D:7      | Found a staircase to the Ecumenical Temple.
  5597 | D:7      | Reached skill level 5 in Shapeshifting
  5656 | Temple   | Found a transporter.
  5656 | Temple   | Found a transporter.
  5656 | Temple   | Found a transporter.
  5656 | Temple   | Found a transporter.
  5656 | Temple   | Entered the Ecumenical Temple
  6260 | D:7      | Reached skill level 5 in Unarmed Combat
  6357 | D:7      | Reached skill level 11 in Dodging
  6631 | D:8      | Reached XP level 9. HP: 21/37 MP: 10/10
  7183 | D:5      | Bought the ring of Maniaddu {rPois rN+ Will+} for 565 gold
                  | pieces
  7455 | D:8      | Noticed Gastronok
  7466 | D:8      | Mangled by Gastronok
  7584 | D:8      | HP: 1/38 [Gastronok/the air (37)]
  7586 | D:8      | Killed from afar by Gastronok
  7641 | D:8      | Killed Gastronok
  7642 | D:8      | Reached skill level 5 in Fighting
  7642 | D:8      | Reached skill level 13 in Dodging
  7993 | D:9      | Found a transporter.
  8235 | D:9      | Noticed a troll
  8254 | D:9      | Killed a troll
  8255 | D:9      | Reached XP level 10. HP: 28/44 MP: 11/11
  8620 | D:9      | Found a staircase to the Lair.
  8660 | Lair:1   | Entered Level 1 of the Lair of Beasts
  9169 | Lair:1   | Noticed a cane toad
  9177 | Lair:1   | Killed a cane toad
  9350 | Lair:1   | Noticed a cane toad
  9354 | Lair:1   | Noticed a boulder beetle
  9395 | Lair:1   | Noticed a lindwurm
  9461 | Lair:1   | Reached skill level 10 in Stealth
  9550 | Lair:1   | Killed from afar by a lindwurm
  9552 | Lair:1   | Noticed a cane toad
  9561 | Lair:1   | HP: 1/44 [cane toad (20)]
  9562 | Lair:1   | Killed a cane toad
  9660 | Lair:1   | HP: 2/44 [wyvern (13)]
  9724 | Lair:1   | HP: 2/44 [lindwurm/blast of flame (42)]
  9725 | Lair:1   | Slain by a lindwurm

Illustrated notes

Levels and vault maps discovered:
D:1:      dpeg_arrival_simpleton_c, layout_rooms, serial_shops, shop,
          palyth_stone_intersect, minmay_tromino_v4_c
D:2:      layout_rooms, uniq_jessica
D:3:      layout_rooms, nicolae_wu_jian_wuxing_cycle,
          corexii_item_surrounded_by_moat
D:4:      nicolae_BIG_FREAKIN_CUBE, layout_layer_cave, uniq_sigmund
D:5:      layout_basic, overflow_temple_1_default, kennysheep_mini,
          nicolae_shop_unique_rings
D:6:      layout_loops_corners, vehumet_statue
D:7:      layout_gridville, nemelex_spade_bored_becter, temple_fountains,
          minmay_microvault
D:8:      layout_basic, uniq_gastronok
D:9:      layout_loops_cross, erik_lair_island, nicolae_diode_basic
Temple:   hellmonk_temple_divided_pantheon
Lair:1:   layout_cave_shapes, nicolae_lair_lindhole, grunt_megastairs_4

Skill      XL: |  1  2  3  4  5  6  7  8  9 10 |
---------------+-------------------------------+-----
Dodging        | 3 4 5 6 8 10 11 13 | 13.9
Stealth        | 1 2 3 4 5 7 10 | 10.0
Fighting       | 2 5 |  5.2
Unarmed Combat | 4 5 8 |  8.3
Shapeshifting  | 6 7 |  7.0

Action                     |  1- 3 |  4- 6 |  7- 9 | 10-12 || total
---------------------------+-------+-------+-------+-------++-------
  Melee: Unarmed           |    49 |   232 |   397 |   263 ||   941
         Bite              |     5 |    24 |    60 |    38 ||   127
         Punch             |       |     5 |    11 |     9 ||    25
  Evoke: Wand              |       |       |     2 |       ||     2
    Use: Scroll            |       |       |     5 |     2 ||     7
         Potion            |       |       |     6 |     2 ||     8
   Stab: Sleeping          |     6 |    12 |     4 |     5 ||    27
         Distracted        |       |     1 |     1 |     3 ||     5
 Armour: Skin              |    10 |    47 |   122 |    60 ||   239
  Dodge: Dodged            |    23 |   173 |   384 |   317 ||   897
   Form: Flux              |       |       |     1 |     1 ||     2
         Beast             |       |       |     1 |       ||     1

Table legend: (Time is in decaauts)
 A = Elapsed time spent in this place.
 B = Non-inter-level travel time spent in this place.
 C = Inter-level travel time spent in this place.
 D = Time resting spent in this place.
 E = Time spent auto-exploring this place.
 F = Levels seen in this place.
 G = Mean time per level.
                   A        B        C        D        E       F      G
               +--------+--------+--------+--------+--------+-----+--------+
         Total |   8169 |   7235 |    934 |    570 |   3607 |  11 |  742.6 |
       Dungeon |   7589 |   6655 |    934 |    495 |   3504 |   9 |  843.2 |
        Temple |     45 |     45 |      0 |      0 |      0 |   1 |   45.0 |
          Lair |    535 |    535 |      0 |     75 |    103 |   1 |  535.0 |
               +--------+--------+--------+--------+--------+-----+--------+

Top non-repeatable levels by time:
     D:8: 1182 daAuts
     D:6: 1117 daAuts
     D:7: 1022 daAuts
     D:5: 955 daAuts
     D:4: 930 daAuts
     D:9: 818 daAuts
     D:2: 674 daAuts
  Lair:1: 535 daAuts
     D:1: 465 daAuts
     D:3: 422 daAuts
  Temple: 45 daAuts
